 Dungeon Crawl Stone Soup version 0.17-a0-2127-g1cb09f6 (webtiles) character file.

28 septik the Magician (level 2, -1/19 HPs)
             Began as a Mummy Wizard on Oct 22, 2015.
             Slain by a gnoll
             ... wielding a +0 spear
              (3 damage)
             ... on level 1 of the Dungeon.
             The game lasted 00:03:36 (977 turns).

septik the Magician (Mummy Wizard)                   Turns: 977, Time: 00:03:36

Health: -1/19      AC:  2    Str: 10    XL:     2   Next: 96%
Magic:  0/6        EV: 12    Int: 17    God:
Gold:   24         SH:  0    Dex: 10    Spells: 2 memorised, 4 levels left

rFire  x . .     SeeInvis .     i - +0 dagger
rCold  + . .     Clarity  .     a - +0 robe
rNeg   + + +     SustAt   .     (no shield)
rPois  ∞         Gourm    .     b - +0 hat
rElec  .         Spirit   .     (no cloak)
rCorr  .         Warding  .     (no gloves)
rMut   .         Stasis   .     (no boots)
MR     .....                    (no amulet)
Stlth  ++........               (no ring)
                                (no ring)

@: not resistant to hostile enchantments, unstealthy
A: no food or potions, fire vulnerability, cold resistance 1, negative energy
resistance 3, torment resistance, unbreathing
a: no special abilities


You were on level 1 of the Dungeon.
You were not hungry.

You visited 1 branch of the dungeon, and saw 1 of its levels.

You collected 24 gold pieces.

Inventory:

Hand Weapons
 g - a cursed +0 short sword
 i - a +0 dagger (weapon)
Missiles
 f - 31 stones (quivered)
 h - 19 arrows
Armour
 a - a +0 robe (worn)
 b - a +0 hat (worn)
 d - a +0 buckler
Scrolls
 e - 3 scrolls of identify {unknown}
Books
 c - a book of Minor Magic

   Spells                             Type                      Level
   a - Magic Dart                     Conjuration                  1
   b - Blink                          Translocation                2
   c - Call Imp                       Summoning                    2
   d - Repel Missiles                 Charms/Air                   2
   e - Slow                           Hexes                        2
   f - Conjure Flame                  Conjuration/Fire             3
   g - Mephitic Cloud                 Conjuration/Poison/Air       3


   Skills:
 - Level 1.5 Dodging
 - Level 1.5 Stealth
 - Level 3.0 Spellcasting
 + Level 2.4 Conjurations
 - Level 0.7 Summonings
   Level 0.7 Translocations


You had 4 spell levels left.
You knew the following spells:

 Your Spells              Type           Power        Failure   Level  Hunger
a - Magic Dart            Conj           ##..         10%         1    N/A
b - Call Imp              Summ           #.......     24%         2    N/A

Dungeon Overview and Level Annotations

Branches:
Dungeon (1/15)

Altars:


Innate Abilities, Weirdness & Mutations

You do not eat or drink.
Your flesh is vulnerable to fire.
You are immune to poison.
Your flesh is cold resistant.
You are immune to negative energy.
You are immune to unholy pain and torment.
You can survive without breathing.


Message History

Casting: Magic Dart
Confirm with . or Enter, or press ? or * to list all spells.
Aiming: Magic Dart
Press: ? - help, Shift-Dir - straight line, f - goblin
Aim: a goblin (lightly wounded)
The magic dart hits the goblin.
The goblin is severely wounded.
The gnoll closely misses you. The goblin closely misses you.
You hit the goblin but do no damage.
The goblin is severely wounded.
The gnoll hits you but does no damage. The goblin misses you.
You miss the goblin.
The goblin is severely wounded.
The goblin hits you.
* * * LOW HITPOINT WARNING * * *
The gnoll barely misses you.
You hit the goblin.
You kill the goblin!
The gnoll hits you from afar with a spear.
You die...

.. ... #.†' #.#
###.#....# #..#
#.#.# #.#).>># ####
#.#g ##.#..#.# #..#
##..... ....#.###<.†
#..#.###.#......#..#
#........ ......####
#g####.####†....# #
#..@.)..........# +
###########.....# #
###..## # #####..#
###### #......##
#....####.####..#
#.........# #..####
#.#.....#.####......
#.#...#.....##......


You could see a gnoll.

Vanquished Creatures
  6 giant cockroaches (D:1)
  2 hobgoblins (D:1)
  2 kobolds (D:1)
  2 ball pythons (D:1)
  2 bats (D:1)
  A giant newt (D:1)
  6 goblins (D:1)
  7 rats (D:1)
28 creatures vanquished.

Notes
Turn   | Place    | Note
--------------------------------------------------------------
     0 | D:1      | septik the Mummy Wizard began the quest for the Orb.
     0 | D:1      | Reached XP level 1. HP: 13/13 MP: 4/4
     7 | D:1      | Reached skill level 1 in Conjurations
   301 | D:1      | Reached XP level 2. HP: 19/19 MP: 3/6
   305 | D:1      | Learned a level 2 spell: Call Imp
   977 | D:1      | Slain by a gnoll

Vault maps used:
D:1:      dpeg_arrival_prison, hangedman_decor_points, kennysheep_crisscross,
          minmay_surrounded

Action                   || total
-------------------------++-------
Melee: Unarmed           ||    12
       Dagger            ||    12
Throw: Stone             ||     2
 Cast: Magic Dart        ||    63
